 Dungeon Crawl Stone Soup version 0.17-a0-1914-gde4187c (webtiles) character file.

56 dpvblackbelt the Chopper (level 3, -7/31 HPs)
             Began as a Hill Orc Berserker on Sept 26, 2015.
             Was a Believer of Trog.
             Mangled by a gnoll
             ... wielding a +0 halberd
              (15 damage)
             ... on level 2 of the Dungeon.
             The game lasted 00:02:33 (1476 turns).

dpvblackbelt the Chopper (Hill Orc Berserker)       Turns: 1476, Time: 00:02:33

Health: -7/31      AC:  2    Str: 19    XL:     3   Next: 95%
Magic:  3/3        EV: 12    Int:  7    God:    Trog [**....]
Gold:   76         SH:  0    Dex: 11    Spells: 0 memorised, 2 levels left

rFire  . . .     SeeInvis .     a - +0 hand axe
rCold  . . .     Clarity  .     b - +0 animal skin
rNeg   . . .     SustAt   .     (no shield)
rPois  .         Gourm    .     (no helmet)
rElec  .         Spirit   .     (no cloak)
rCorr  .         Warding  .     (no gloves)
rMut   .         Stasis   .     (no boots)
MR     .....                    (no amulet)
Stlth  +.........               (no ring)
                                (no ring)

@: exhausted, about to teleport, slowed, very slow, not resistant to hostile
enchantments, very unstealthy
A: no striking features
a: Burn Spellbooks, Berserk, Trog's Hand, Renounce Religion


You were on level 2 of the Dungeon.
You worshipped Trog.
Trog was pleased with you.
You were near starving.

You visited 1 branch of the dungeon, and saw 2 of its levels.

You collected 76 gold pieces.

Inventory:

Hand weapons
 a - a +0 hand axe (weapon)
Armour
 b - a +0 animal skin (worn)
 i - a +0 hat
   (You found it on level 1 of the Dungeon)
Jewellery
 g - a +3 ring of evasion {unknown}
   (You found it on level 1 of the Dungeon)
Scrolls
 d - 2 scrolls of identify {unknown}
 h - a scroll of remove curse {unknown}
 j - a scroll of amnesia {unknown}
 k - a scroll of teleportation
 m - a scroll of recharging {unknown}
 n - a scroll of enchant armour {unknown}
Potions
 e - 2 potions of agility {unknown}
 f - a potion of invisibility {unknown}
 l - a potion of haste {unknown}
Comestibles
 c - 4 bread rations {@e1@e1}


   Skills:
 - Level 3.6 Fighting
 + Level 6.2 Axes
 - Level 2.1 Armour
 - Level 1.5 Dodging


You had 2 spell levels left.
You didn't know any spells.

Dungeon Overview and Level Annotations

Branches:
Dungeon (2/15)

Altars:
Elyvilon
The Shining One


Message History

The giant cockroach closely misses you.
The giant cockroach bites you but does no damage.
A giant cockroach is nearby!
You hit the giant cockroach. The giant cockroach misses you.
A giant cockroach is nearby!
You hit the giant cockroach. The giant cockroach barely misses you.
A giant cockroach is nearby!
You closely miss the giant cockroach. The giant cockroach bites you.
You closely miss the giant cockroach.
The giant cockroach bites you but does no damage.
A giant cockroach is nearby!
A giant cockroach is nearby!
You barely miss the giant cockroach. The giant cockroach closely misses you.
You hit the giant cockroach. The giant cockroach misses you.
The giant cockroach closely misses you.
A giant cockroach is nearby!
You hit the giant cockroach.
You kill the giant cockroach!
Trog accepts your kill.
You now have 66 gold pieces (gained 7).
A rat comes into view.
Health restored: 31 A rat is nearby!
A rat is nearby!
You hit the rat. The rat misses you.
A rat is nearby!
You closely miss the rat. The rat closely misses you.
A rat is nearby!
You hit the rat.
You kill the rat!
Trog accepts your kill.
A goblin comes into view. It is wielding a dagger.
The goblin shouts!
A goblin is nearby!
A goblin is nearby!
A goblin is nearby!
You slash the goblin!
You kill the goblin!
Trog accepts your kill.
Found a stone staircase leading down.
No target in view!
No target in view!
You now have 76 gold pieces (gained 10).
n - a scroll labeled ORAEPPI EXUE No target in view!
A gnoll comes into view. It is wielding a halberd.
A gnoll is nearby!
A gnoll comes into view. It is wielding a whip.
The gnoll throws a throwing net.
The throwing net closely misses you.
A gnoll comes into view. It is wielding a spear.
The gnoll shouts!
The gnoll moves out of view.
There are monsters nearby!
There are monsters nearby!
The gnoll barely misses you.
The gnoll shouts!
The gnoll closely misses you.
There are monsters nearby!
You hit the gnoll. You hit the gnoll but do no damage.
The gnoll barely misses you.
There are monsters nearby!
You hit the gnoll. You barely miss the gnoll. The gnoll barely misses you.
The gnoll hits you with a whip.
You take 5 damage, and have 26/31 hp.
There are monsters nearby!
You hit the gnoll. You hit the gnoll but do no damage. The gnoll misses you.
The gnoll closely misses you. The gnoll barely misses you.
A red film seems to cover your vision as you go berserk!
You feel yourself moving faster!
You feel mighty!
You are feeling very hungry.
The gnoll hits you with a whip.
The gnoll hits you from afar with a spear!
The gnoll closely misses you.
You now have 27/46 hp.
You are too injured to fight recklessly!
You are too injured to fight recklessly!
You are too injured to fight recklessly!
You are too injured to fight recklessly!
Unknown command.
You are too injured to fight recklessly!
You are too injured to fight recklessly!
You barely miss the gnoll. You hit the gnoll. The gnoll hits you with a whip!
You take 11 damage, and have 16/46 hp.
MASSIVE DAMAGE!!
The gnoll closely misses you.
You feel a strong urge to attack something.
The gnoll barely misses you. The gnoll hits you but does no damage.
You feel your anger subside.
You are no longer berserk.
You are exhausted.
You feel yourself slow down.
You are near starving!
You now have 11/31 hp.
Read which item? (? for menu, Esc to quit)
As you read the scroll labeled YSYNEZ ILUZAAR, it crumbles to dust.
You feel strangely unstable.
It was a scroll of teleportation.
The gnoll hits you with a whip.
* * * LOW HITPOINT WARNING * * *
The gnoll hits you from afar with a halberd!
You die...

#..............#
##.##...##.
#..............####
#.......##.
#.................##
#..........
######...........#
#.......... #............#
#.....#.##. #............#
#.....#.##.
.....#.....(.###.....#.##.
.....+....................
... #...@................
#####g...............
#g######......... #g#
#.........
#.............###...#
#####.######......... #.#
#.........
..######.........
.................


You could see 3 gnolls.

Vanquished Creatures
  An adder (D:2)
  3 worms (D:2)
  A ball python (D:1)
  A giant cockroach (D:2)
  7 goblins
  6 hobgoblins
  5 bats
  4 giant newts
  4 kobolds
  6 rats
38 creatures vanquished.

Notes
Turn   | Place    | Note
--------------------------------------------------------------
     0 | D:1      | dpvblackbelt the Hill Orc Berserker began the quest for the Orb.
     0 | D:1      | Reached XP level 1. HP: 19/19 MP: 1/1
    28 | D:1      | Found a glowing golden altar of the Shining One.
    94 | D:1      | Reached XP level 2. HP: 23/26 MP: 2/2
   148 | D:1      | HP: 6/26 [hobgoblin (5)]
   457 | D:1      | Reached skill level 5 in Axes
   638 | D:1      | Acquired Trog's second power
   832 | D:2      | Reached XP level 3. HP: 24/31 MP: 3/3
  1275 | D:2      | Found a white marble altar of Elyvilon.
  1285 | D:2      | Reached skill level 6 in Axes
  1476 | D:2      | Mangled by a gnoll

Vault maps used:
D:1:      shiori_shiawase, tso_metal_star
D:2:      elyvilon_altar_5, ecumenical_altar_2

Action                   || total
-------------------------++-------
Melee: Hand axe          ||   122
Invok: Berserk           ||     3
  Use: Scroll            ||     1
  Eat: Chunk             ||     3

Vault maps used:
D:1:      shiori_shiawase, tso_metal_star
D:2:      elyvilon_altar_5, ecumenical_altar_2

Table legend:
 A = Turns spent in this place as a percentage of turns spent in the entire game.
 B = Non-inter-level travel turns spent in this place as a percentage of non-inter-level travel turns spent in the entire game.
 C = Inter-level travel turns spent in this place as a percentage of turns spent in this place.
 D = Turns resting spent in this place as a percentage of non-inter-level travel turns spent in this place.
 E = Turns spent auto-exploring this place as a percentage of non-inter-level travel turns spent in this place.
 F = Non-inter-level travel turns spent in this place divided by the number of levels of this place that you've seen.
                   A       B       C       D       E      F
               +-------+-------+-------+-------+-------+----------------------
         Total | 100.0 | 100.0 |   0.2 |   2.6 |  11.6 | 272.5
       Dungeon | 100.0 | 100.0 |   0.2 |   2.6 |  11.6 | 272.5
               +-------+-------+-------+-------+-------+----------------------

Table legend:
 A = Kills in this place as a percentage of kills in entire the game.
 B = Kills by you in this place as a percentage of kills by you in the entire game.
 C = Kills by friends in this place as a percentage of kills by friends in the entire game.
 D = Other kills in this place as a percentage of other kills in the entire game.
 E = Experience gained in this place as a percentage of experience gained in the entire game.
 F = Experience gained in this place divided by the number of levels of this place that you have seen.
                   A       B       C       D       E      F
               +-------+-------+-------+-------+-------+----------------------
         Total | 100.0 | 100.0 |  -nan |  -nan | 100.0 |  40.0
       Dungeon | 100.0 | 100.0 |  -nan |  -nan | 100.0 |  40.0
               +-------+-------+-------+-------+-------+----------------------
